 Dungeon Crawl Stone Soup version 0.31-a0-198-g2ad674f65e (webtiles) character file.

Game seed: 11627656616090768632

35 qw the Shooter (level 3, -2/20 HPs)
             Began as a Deep Elf Hunter on June 25, 2023.
             Slain by a gnoll
             ... wielding a +0 halberd
              (10 damage)
             ... on level 2 of the Dungeon.
             The game lasted 00:00:20 (962 turns).

qw the Shooter (Deep Elf Hunter)                     Turns: 962, Time: 00:00:21

Health: -2/20      AC:  5    Str: 10    XL:     3   Next: 16%
Magic:  5/5        EV: 11    Int: 13    God:
Gold:   51         SH:  0    Dex: 18    Spells: 2/2 levels left

rFire   . . .        Y - +2 shortbow
rCold   . . .        (shield currently unavailable)
rNeg    . . .        m - +0 ring mail
rPois   .            (no helmet)
rElec   .            (no cloak)
rCorr   .            (no gloves)
SInv    .            (no boots)
Will    .....        (no amulet)
Stlth   +            (no ring)
HPRegen 0.23/turn    (no ring)
MPRegen 0.09/turn

%: no passive effects
@: no status effects
A: no striking features
a: no special abilities


You were on level 2 of the Dungeon.
You visited 1 branch of the dungeon, and saw 2 of its levels.

You collected 51 gold pieces.


   Skills:
 - Level 1.5 Fighting
 + Level 6.7 Ranged Weapons
 - Level 2.4 Dodging
 - Level 1.2 Stealth


You had 2 spell levels left.
You didn't know any spells.
Your spell library was empty.

Inventory:

Hand Weapons
 Y - a +2 shortbow (weapon)
Armour
 m - a +0 ring mail (worn)
Potions
 g - a potion of haste
 h - a potion of curing {unknown}

Dungeon Overview and Level Annotations

Branches:
Dungeon (2/15)

Altars:


Message History

Enter note:
Enter note: You shoot an arrow.
The arrow closely misses the quokka.
You shoot an arrow. The arrow barely misses the quokka.
You shoot an arrow. The arrow hits the quokka.
The quokka is severely wounded.
You shoot an arrow. The arrow hits the quokka.
You kill the quokka!
A goblin comes into view. It is wielding a +0 dagger.
The goblin shouts!
Enter note:
Enter note: You shoot an arrow.
The arrow closely misses the goblin.
You shoot an arrow. The arrow barely misses the goblin.
You shoot an arrow. The arrow closely misses the goblin.
You shoot an arrow. The arrow hits the goblin.
The goblin is severely wounded.
You shoot an arrow. The arrow hits the goblin.
You kill the goblin!
Found a stone staircase leading up.
Enter note:
Enter note:
Enter note:
There is a stone staircase leading up here. 2 gnolls come into view.
Found 3 stones.
The gnoll shouts! x2
A gnoll comes into view. It is wielding a +0 whip.
The gnoll hits you from afar with a +0 halberd!
Ouch! That really hurt!
The gnoll moves out of view.
You hear a shout!
Enter note:
Enter note:
Enter note: You shoot an arrow.
The arrow hits the gnoll!
The gnoll is heavily wounded.
The gnoll hits you from afar with a +0 halberd!
Ouch! That really hurt!
You die...

#. . ..# . #.#
# #. #.# ..###.
#.##
......#######
#...
......!.....###
#####.#.
#.<@.......
..##...
#g#.###.###
#.##.## .g
#.###.##
#.##... ##
#......#
#....##
#......##
##..####
##...)..###..##
# ####<#.##...#
###.#....#.#
###<#...>.##.#


You could see 2 gnolls.

Vanquished Creatures
  An adder (D:2)
  A worm (D:2)
  A dart slug (D:1)
  A bat (D:1)
  An endoplasm (D:1)
  A giant cockroach (D:2)
  3 hobgoblins
  2 kobolds
  2 quokkas
  5 goblins
  A rat (D:1)
19 creatures vanquished.

Notes
Turn   | Place    | Note
-------+----------+-------------------------------------------
     0 | D:1      | qw the Deep Elf Hunter began the quest for the Orb.
     0 | D:1      | Reached XP level 1. HP: 12/12 MP: 3/3
     0 | D:1      | 0 ||| qw: Version: 0.3-a-22-g0ed2b0b
     0 | D:1      | 0 ||| qw: Game counter: 5287
     0 | D:1      | 0 ||| qw: Melee chars always use a shield: true
     0 | D:1      | 0 ||| qw: God list: Okawaru
     0 | D:1      | 0 ||| qw: Allow faded altars: false
     0 | D:1      | 0 ||| qw: Do Orc after clearing Dungeon:15 true
     0 | D:1      | 0 ||| qw: Do second Lair branch before Depths: true
     0 | D:1      | 0 ||| qw: Lair rune preference: random
     0 | D:1      | 0 ||| qw: Goals: Normal
     0 | D:1      | 0 ||| PLANNING D:1-11
   278 | D:1      | Reached skill level 6 in Ranged Weapons
   278 | D:1      | Reached XP level 2. HP: 16/16 MP: 4/4
   537 | D:1      | 537 ||| UPGRADING to +0 ring mail.
   547 | D:1      | 547 ||| DROPPING +0 leather armour.
   548 | D:1      | 548 ||| READING scroll labelled CICVE MIATY.
   549 | D:1      | 549 ||| READING scroll labelled TINNICI ACKAYLO.
   554 | D:1      | 554 ||| READING scroll labelled NOZYMU IGIRGHINIU.
   555 | D:1      | 555 ||| READING scroll labelled YBRESO BOKIFUI.
   556 | D:1      | 556 ||| READING scroll labelled EDOREUJ BISHREF.
   557 | D:1      | 557 ||| READING scroll labelled NYTUVIASTRU.
   558 | D:1      | 558 ||| READING scroll labelled MEV KEECSOUR.
   559 | D:1      | 559 ||| DRINKING 2 dark potions.
   560 | D:1      | 560 ||| DROPPING scroll of butterflies.
   562 | D:1      | 562 ||| Stepping ~*~*~tactically~*~*~ (cloud).
   569 | D:1      | HP: 4/16 [poisoned by you (poison gas)]
   748 | D:2      | 748 ||| READING scroll of enchant weapon.
   748 | D:2      | 748 ||| ENCHANTING +1 shortbow.
   849 | D:2      | Reached XP level 3. HP: 13/20 MP: 5/5
   962 | D:2      | Slain by a gnoll

Levels and vault maps discovered:
D:1:      minmay_arrival_nine_rooms, layout_rooms
D:2:      layout_basic

Skill      XL: |  1 |
---------------+----+-----
Ranged Weapons | 6 |  6.7
Fighting       | |  1.5
Dodging        | |  2.4
Stealth        | |  1.2

Action                     || total
---------------------------++-------
   Fire: Shortbow          ||    57
    Use: Scroll            ||     8
         Potion            ||     1
  Dodge: Dodged            ||     4

Table legend:
 A = Non-vault XP
 B = Vault XP
 C = Vault XP percentage of total XP
 D = Non-vault monster count
 E = Vault monster count
 F = Vault count percentage of total count
                 A         B        C        D         E       F
            +---------+---------+-------+---------+---------+-------
      Total |      50 |       0 |   0.0 |      19 |       0 |   0.0
            +---------+---------+-------+---------+---------+-------
        D:1 |      20 |       0 |   0.0 |      10 |       0 |   0.0
        D:2 |      30 |       0 |   0.0 |       9 |       0 |   0.0
            +---------+---------+-------+---------+---------+-------
